 Dungeon Crawl Stone Soup version 0.28.0-1-gb440e238dd (webtiles) character file.

Game seed: 1212999750424491046

7478 cbfl8 the Cruncher (level 10, -1/91 HPs)
             Began as a Minotaur Berserker on Feb 27, 2022.
             Was an Elder of Trog.
             Succumbed to a kobold brigand's curare-tipped dart
             ... on level 8 of the Dungeon.
             The game lasted 00:18:56 (10870 turns).

cbfl8 the Cruncher (Minotaur Berserker)            Turns: 10870, Time: 00:18:57

Health: -1/91      AC: 18    Str: 25    XL:     10   Next: 94%
Magic:  9/9        EV:  9    Int:  4    God:    Trog [****..]
Gold:   476        SH:  0    Dex: 13    Spells: 9/9 levels left

rFire   . . .      SeeInvis +   v - +2 quarterstaff (chaos)
rCold   + . .      Faith    .   (shield currently unavailable)
rNeg    . . .      Spirit   .   t - +0 plate armour
rPois   .          Reflect  .   (helmet restricted)
rElec   .          Harm     .   q - +0 cloak
rCorr   +          Rampage  .   o - +0 pair of gloves
Will    +....                   (no boots)
Stlth   ..........              (no amulet)
HPRegen 0.25/turn               m - ring of resist corrosion
MPRegen 0.11/turn               w - ring of protection from cold

@: lethally poisoned (-1 -> -15), about to teleport, on berserk cooldown,
slowed, very slow
A: horns 2, retaliatory headbutt, see invisible, agile 1, strong-willed 1,
passive freeze
a: Renounce Religion, Berserk, Trog's Hand, Brothers in Arms


You were on level 8 of the Dungeon.
You worshipped Trog.
Trog was greatly pleased with you.
You visited 1 branch of the dungeon, and saw 8 of its levels.
You also visited: Ossuary.

You collected 476 gold pieces.

Inventory:

Hand Weapons
 a - a +0 hand axe
 j - a +3 scimitar of flaming
 s - a +0 long sword
 v - a +2 quarterstaff of chaos (weapon)
 I - a +6 morningstar
Armour
 b - a +0 animal skin
 f - a +2 ring mail of fire resistance
 o - a +0 pair of gloves (worn)
 q - a +0 cloak (worn)
 t - a +0 plate armour (worn)
Jewellery
 i - a ring of positive energy
 m - a ring of resist corrosion (left hand)
 w - a ring of protection from cold (right hand)
Wands
 y - a wand of polymorph (7)
 z - a wand of paralysis (3)
 H - a wand of iceblast (2)
 K - a wand of flame (7)
Scrolls
 d - 2 scrolls of immolation
 e - a scroll of vulnerability
 h - 3 scrolls of noise
 k - a scroll of teleportation
 n - a scroll of blinking {unknown}
 p - a scroll of holy word
 u - 3 scrolls of fear {unknown}
 E - 4 scrolls of enchant weapon {unknown}
Potions
 c - 2 potions of mutation
 g - 2 potions of curing
 l - 5 potions of attraction {unknown}
 r - 2 potions of lignification {unknown}
 x - a potion of cancellation {unknown}
 A - a potion of resistance {unknown}
 B - a potion of degeneration {unknown}
 C - a potion of invisibility {unknown}
 D - a potion of flight {unknown}
 F - a potion of ambrosia {unknown}
 G - 2 potions of haste {unknown}
 J - a potion of berserk rage {unknown}


   Skills:
 + Level 9.0 Fighting
 + Level 1.0 Long Blades
 + Level 8.0 Axes
 + Level 11.3 Staves
 + Level 11.1 Armour
 + Level 4.3 Dodging
 + Level 3.5 Stealth


You had 9 spell levels left.
You didn't know any spells.
Your spell library contained the following spells:

 Spells                   Type           Power      Damage    Failure   Level
 Animate Skeleton         Necr           0%         N/A       99%         1
 Apportation              Tloc           0%         N/A       99%         1
 Magic Dart               Conj           0%         1d3       99%         1
 Summon Small Mammal      Summ           0%         N/A       99%         1
 Call Imp                 Summ           0%         N/A       100%        2
 Corpse Rot               Necr/Air       0%         N/A       100%        2
 Poisonous Vapours        Pois/Air       0%         N/A       100%        2
 Searing Ray              Conj           0%         2d4       100%        2
 Mephitic Cloud           Conj/Pois/Air  0%         N/A       100%        3
 Fulminant Prism          Conj/Hex       0%         3d6       100%        4
 Summon Forest            Summ/Tloc      0%         N/A       100%        5
 Summon Mana Viper        Hex/Summ       0%         N/A       100%        5
 Summon Cactus Giant      Summ           0%         N/A       100%        6


Dungeon Overview and Level Annotations

Branches:
Dungeon (8/15)             Temple (0/1) D:5         Ossuary (visited)
   Lair: D:8-11

Altars:
Gozag
Sif Muna
Xom
Yredelemnul
Zin


Innate Abilities, Weirdness & Mutations

You have a pair of horns on your head.
You reflexively headbutt those who attack you in melee.
You have supernaturally acute eyesight. (SInv)
You are agile. (Dex +2)
You are strong-willed. (Will+)
A frigid envelope surrounds you and freezes all who hurt you.


Message History

A kobold brigand comes into view.
It is wielding a +0 short sword and quivering curare-tipped darts.
The boulder beetle bites you but does no damage.
The boulder beetle is very cold.
The boulder beetle is almost dead.
You feel better.
The kobold brigand shouts!
The kobold brigand throws a curare-tipped dart.
The curare-tipped dart hits you.
You are poisoned.
You have difficulty breathing.
You feel as though you will be slow longer.
The boulder beetle closely misses you. You furiously retaliate!
You headbutt the boulder beetle!
The boulder beetle bites you but does no damage.
The boulder beetle is very cold.
The boulder beetle is almost dead.
You feel better. The boulder beetle bites you!
The boulder beetle is very cold.
You kill the boulder beetle!
Trog accepts your kill.
The kobold brigand throws a curare-tipped dart.
The curare-tipped dart hits you.
You are poisoned.
You have difficulty breathing.
* * * LOW HITPOINT WARNING * * *
You feel as though you will be slow longer.
Your Fighting skill increases to level 9!
Your Armour skill increases to level 11!
As you read the scroll of teleportation, it crumbles to dust.
You feel strangely unstable.
You feel very sick.
The kobold brigand throws a curare-tipped dart.
The curare-tipped dart hits you.
You are lethally poisoned!
You have difficulty breathing.
* * * LOW HITPOINT WARNING * * *
You feel as though you will be slow longer.
* * * LOW HITPOINT WARNING * * *
You feel extremely sick.
You see here an ugly thing corpse.
You die...

##..#.....###...## #........
#........#......# ##........
####...#...###..#..## #..#######
......#..###.').....####..###
##..##...#...##...#'#.#.....####
##.#....##.).#.###...####.....##
#.......'.#####†.....# #####...
#.......###.#.....#..## ###.
##....###...##@†###...# #.
#..### .S..#.).###..## #. ####
#..##K.#.....# ###)
#...#......#######..[
#..##...###.........
#†..'.###....###.>..
##..###.....#####... ##
#.....###......#..... .##
#.....### #............


You could see a kobold brigand.

Vanquished Creatures
  A boulder beetle (D:8)
  Erica (D:8)
  2 manticores (D:8)
  A troll (D:5)
  A shadow (D:6)
  A yak (D:8)
  Menkaure (D:6)
  An acid dragon (D:8)
  Duvessa (D:4)
  3 orc warriors
  2 water moccasins
  3 ice beasts
  A hornet zombie (Ossuary)
  2 necrophages
  An ogre (D:7)
  A phantom (D:7)
  2 centaurs
  Blork the orc (D:4)
  A gnoll sergeant (D:8)
  A bullfrog (D:5)
  3 wyvern zombies
  2 water moccasin zombies (Ossuary)
  Dowan (D:4)
  10 killer bees
  5 wights
  3 electric eels (D:7)
  4 centaur zombies
  7 bullfrog zombies
  Crazy Yiuf (D:4)
  3 jellies
  A centaur skeleton (D:4)
  3 orc priests
  4 hounds
  3 iguanas
  Jessica (D:3)
  10 orc wizards
  2 killer bee zombies (Ossuary)
  16 mummies (Ossuary)
  3 howler monkey zombies
  Robin (D:3)
  8 gnolls
  A howler monkey skeleton (D:7)
  7 adders
  A shadow imp (D:7)
  2 adder skeletons (D:4)
  3 worms
  A dart slug (D:2)
  14 orcs
  12 endoplasms
  3 giant cockroaches
  24 goblins
  6 hobgoblins
  5 jackals
  2 quokkas
  7 ball pythons
  6 bats
  6 frilled lizards (D:1)
  7 kobolds
  A quokka skeleton (D:4)
  6 rats
233 creatures vanquished.

Vanquished Creatures (collateral kills)
  An ugly thing (D:8)
  An orc wizard (D:8)
2 creatures vanquished.

Vanquished Creatures (others)
  An orc (D:8)
  17 plants
  6 withered plants (Ossuary)
24 creatures vanquished.

Grand Total: 259 creatures vanquished

Notes
Turn   | Place    | Note
-------+----------+-------------------------------------------
     0 | D:1      | cbfl8 the Minotaur Berserker began the quest for the Orb.
     0 | D:1      | Reached XP level 1. HP: 19/19 MP: 0/0
   347 | D:1      | Reached XP level 2. HP: 23/27 MP: 1/1
   941 | D:1      | Reached ** piety under Trog
  1127 | D:1      | Reached XP level 3. HP: 33/33 MP: 2/2
  1576 | D:2      | Found a faded altar of an unknown god.
  1780 | D:2      | Reached XP level 4. HP: 41/41 MP: 3/3
  2220 | D:3      | Noticed Robin
  2231 | D:3      | Killed Robin
  2485 | D:3      | Reached skill level 5 in Axes
  2487 | D:3      | Found a shimmering altar of Xom.
  2491 | D:3      | Reached *** piety under Trog
  2492 | D:3      | Reached XP level 5. HP: 42/47 MP: 4/4
  2549 | D:3      | Noticed Jessica
  2568 | D:3      | Killed Jessica
  3263 | D:4      | Noticed Duvessa
  3263 | D:4      | Noticed Dowan
  3273 | D:4      | Killed Duvessa
  3274 | D:4      | Reached skill level 5 in Fighting
  3274 | D:4      | Reached XP level 6. HP: 56/56 MP: 5/5
  3276 | D:4      | Killed Dowan
  3684 | D:4      | Noticed Blork the orc
  3701 | D:4      | Gained mutation: You are agile. (Dex +2) [potion of
                  | mutation]
  3701 | D:4      | Gained mutation: You are strong-willed. (Will+) [potion of
                  | mutation]
  3701 | D:4      | Gained mutation: You have supernaturally acute eyesight.
                  | (SInv) [potion of mutation]
  3701 | D:4      | Gained mutation: A frigid envelope surrounds you and
                  | freezes all who hurt you. [potion of mutation]
  3701 | D:4      | HP: 2/56 [Blork the orc (7)]
  3701 | D:4      | Killed Blork the orc
  4014 | D:4      | Reached XP level 7. HP: 58/61 MP: 6/6
  4548 | D:4      | Found a runed translucent door.
  4549 | D:4      | Noticed Crazy Yiuf
  4590 | D:4      | Killed Crazy Yiuf
  4712 | D:5      | Entered Level 5 of the Dungeon
  4807 | D:5      | Reached skill level 5 in Armour
  4938 | D:5      | Reached skill level 1 in Staves
  4954 | D:5      | Reached XP level 8. HP: 70/70 MP: 7/7
  5288 | D:5      | Found a staircase to the Ecumenical Temple.
  5314 | D:5      | Noticed a troll
  5318 | D:5      | Killed a troll
  5319 | D:5      | Reached skill level 1 in Long Blades
  5597 | D:6      | Found a sand-covered staircase.
  5738 | Ossuary  | Entered an ossuary
  5781 | Ossuary  | Reached **** piety under Trog
  5814 | Ossuary  | Reached skill level 5 in Staves
  5814 | Ossuary  | Reached skill level 1 in Stealth
  6040 | Ossuary  | Reached XP level 9. HP: 64/78 MP: 8/8
  6556 | D:6      | Found an opulent altar of Gozag.
  6761 | D:6      | Noticed Menkaure
  6773 | D:6      | Killed Menkaure
  9097 | D:7      | Found a shimmering blue altar of Sif Muna.
  9181 | D:7      | Reached XP level 10. HP: 45/88 MP: 9/9
  9696 | D:7      | Found a glowing silver altar of Zin.
  9843 | D:8      | Noticed Erica
  9854 | D:8      | Killed Erica
  9855 | D:8      | Reached skill level 10 in Staves
 10171 | D:8      | Found a basalt altar of Yredelemnul.
 10683 | D:8      | Reached skill level 10 in Armour
 10818 | D:8      | Noticed a manticore
 10818 | D:8      | Noticed a manticore
 10821 | D:8      | Noticed a red ugly thing
 10831 | D:8      | Killed a manticore
 10833 | D:8      | Killed a manticore
 10850 | D:8      | Killed a red ugly thing
 10853 | D:8      | Noticed a boulder beetle
 10867 | D:8      | Killed a boulder beetle
 10869 | D:8      | HP: 4/91 [poisoned by a kobold brigand (curare-tipped
                  | dart)]
 10870 | D:8      | Succumbed to a kobold brigand's curare-tipped dart

Illustrated notes

Levels and vault maps discovered:
D:1:      dpeg_arrival_rhombi, layout_loops_ring, serial_forest,
          infiniplex_forest_clump_medium, infiniplex_forest_lined_3,
          infiniplex_forest_zigzag_1, infiniplex_forest_end_3,
          infiniplex_forest_zigzag_2, infiniplex_forest_straight_5,
          infiniplex_forest_lined_room_, infiniplex_forest_join,
          amcnicky_mini_rare_corridor_liquid, hangedman_decor_peaks_small,
          chequers_big_river
D:2:      kennysheep_the_goblin_king, layout_rooms,
          dilly_ecumenical_altar_fadedgnrine, minmay_misc_feat_tower
D:3:      layout_loops_ring, mainiacjoe_overflow_tiny_flanked, serial_rivers,
          chequers_serial_rivers_micro_e, chequers_serial_rivers_large_a,
          chequers_serial_rivers_micro_b, chequers_serial_rivers_micro_d,
          chequers_serial_rivers_marsh, uniq_robin, uniq_jessica
D:4:      layout_basic, minmay_bisected, uniq_blork_the_orc,
          uniq_crazy_yiuf_cottage, uniq_duvessa
D:5:      layout_loops_ring, minmay_temple_entry_drinking_statues,
          minmay_misc_feat_iff
D:6:      layout_cave_pools, grunt_gozag_breadcrumbs,
          nicolae_ossuary_entry_false_entrances, uniq_menkaure
D:7:      layout_rooms, nicolae_sif_muna_condensation, kennysheep_mini,
          serial_bayou, serial_bayou_lake_a, serial_bayou_pond_d,
          serial_bayou_pond_e, serial_bayou_pond_d
D:8:      minmay_slanted_spiral_squares, layout_layer_cave,
          mainiacjoe_overflow_catwalk, uniq_erica

Skill      XL: |  1  2  3  4  5  6  7  8  9 10 |
---------------+-------------------------------+-----
Axes           | 4 5 6 7 8 |  8.0
Fighting       | 4 5 6 7 9 |  9.0
Armour         | 3 4 6 7 9 11 | 11.1
Dodging        | 3 4 |  4.3
Staves         | 1 6 9 11 | 11.3
Long Blades    | 1 |  1.0
Stealth        | 1 3 |  3.5

Action                   |  1- 3 |  4- 6 |  7- 9 | 10-12 || total
-------------------------+-------+-------+-------+-------++-------
Melee: Hand axe          |    97 |   108 |       |       ||   205
       Headbutt          |    14 |    18 |    47 |    13 ||    92
       Punch             |     1 |     2 |       |       ||     3
       Long sword        |       |     5 |     6 |       ||    11
       Quarterstaff      |       |       |   258 |    63 ||   321
Invok: Berserk           |       |     2 |     4 |     3 ||     9
       Trog's Hand       |       |     1 |     6 |     3 ||    10
       Brothers in Arms  |       |       |       |     1 ||     1
  Use: Potion            |       |     1 |    10 |     3 ||    14
       Scroll            |       |       |     6 |     1 ||     7
 Stab: Paralysed         |       |       |     3 |     2 ||     5
       Confused          |       |       |     2 |       ||     2
Armor: Animal skin       |     1 |       |       |       ||     1
       Ring mail         |    34 |    74 |     1 |       ||   109
       Plate armour      |       |       |   150 |    56 ||   206
Dodge: Dodged            |    66 |    69 |   145 |    50 ||   330
